 Dungeon Crawl Stone Soup version 0.16-a0-4113-g7d8e295 (console) character file.

42 Monkaria the Ruffian (level 3, -11/37 HPs)
             Began as a Troll Chaos Knight on Mar 1, 2015.
             Mangled by a gnoll
             ... wielding a +0 halberd
              (14 damage)
             ... on level 2 of the Dungeon.
             The game lasted 00:02:53 (876 turns).

Monkaria the Ruffian (Troll Chaos Knight)            Turns: 876, Time: 00:02:54

Health: -11/37     AC:  7    Str: 22    XL:     3   Next: 35%
Magic:  2/2        EV:  9    Int:  8    God:    Xom [..*...]
Gold:   75         SH:  0    Dex: 10    Spells: 0 memorised, 2 levels left

rFire  . . .     SeeInvis .       - Unarmed
rCold  . . .     Clarity  .     b - +2 robe
rNeg   . . .     SustAb   .     (shield restricted)
rPois  .         Gourm    +     (helmet restricted)
rElec  .         Spirit   .     (no cloak)
rCorr  .         Warding  .     (gloves unavailable)
rMut   .         Stasis   .     (boots unavailable)
MR     .....                    (no amulet)
Stlth  +.........               (no ring)
                                f - +2 ring of strength

@: not resistant to hostile enchantments, very unstealthy
A: unfitting armour, claws 3, fast metabolism 3, gourmand, regeneration 2,
shaggy fur 1, tough skin 2
a: Renounce Religion


You were on level 2 of the Dungeon.
You worshipped Xom.
You were a toy of Xom.
You were near starving.

You visited 1 branch of the dungeon, and saw 2 of its levels.

You collected 75 gold pieces.

Inventory:

Missiles
 l - 7 poisoned needles
Armour
 b - a +2 robe (worn)
Jewellery
 f - a +2 ring of strength (left claw)
Scrolls
 c - a scroll of amnesia {unknown}
 d - a scroll of teleportation {unknown}
 e - 2 scrolls of magic mapping {unknown}
 g - a scroll of identify {unknown}
 j - a scroll of fear {unknown}
 m - a scroll of enchant weapon {unknown}
Potions
 i - 2 potions of brilliance {unknown}
 k - 2 potions of curing {unknown}
 n - a potion of lignification {unknown}
Comestibles
 a - 4 meat rations
 h - 2 beef jerkies


   Skills:
 - Level 3.2 Fighting
 - Level 1.5 Armour
 - Level 0.7 Dodging
 + Level 3.6 Unarmed Combat


You had 2 spell levels left.
You didn't know any spells.

Dungeon Overview and Level Annotations

Branches:
Dungeon (2/15)

Altars:


Innate Abilities, Weirdness & Mutations

You are too large for most types of armour.
You have claws for hands.
Your metabolism is lightning-fast.
You like to eat raw meat.
You heal very quickly.
You are covered in fur (AC +1).
You have very tough skin (AC +2).


Message History

You barely miss the gnoll.
The gnoll is lightly wounded.
The gnoll hits you with a halberd. The gnoll hits you but does no damage.
You barely miss the gnoll.
The gnoll is lightly wounded.
You scratch the gnoll.
The gnoll begins to bleed from its wounds!
The gnoll is moderately wounded.
The gnoll barely misses you. x2
You claw the gnoll!
The gnoll is almost dead.
The gnoll hits you from afar with a spear!
The gnoll hits you but does no damage.
You closely miss the gnoll.
The gnoll is almost dead.
The gnoll hits you from afar with a spear!
* * * LOW HITPOINT WARNING * * *
The gnoll hits you with a halberd!
You die...
Xom howls with laughter!

....†....#
.#######.# .. #.#
## #.# #.# ### #.#
#.. #.# #.#
#.#####.######.#.##
#....##.<@ggK.?....
#..#.##.####.......
##...##.# .....
#.####.###.# ...(
#..........# #.#
#.####.....#
#.##### #.. #.#


You could see 2 gnolls and a kobold.

Vanquished Creatures
  A gnoll (D:2)
  An adder (D:2)
  A ball python (D:2)
  2 giant cockroaches (D:1)
  4 goblins (D:1)
  4 hobgoblins (D:1)
  5 kobolds
  A bat (D:1)
  2 giant newts (D:1)
  6 rats
27 creatures vanquished.

Notes
Turn   | Place    | Note
--------------------------------------------------------------
     0 | D:1      | Monkaria, the Troll Chaos Knight, began the quest for the Orb.
     0 | D:1      | Reached XP level 1. HP: 22/22 MP: 1/1
   120 | D:1      | Reached XP level 2. HP: 29/29 MP: 1/1
   214 | D:1      | XOM: divination: detect items
   230 | D:1      | XOM: harmless Trmt miscast
   353 | D:1      | XOM: divination: magic mapping
   593 | D:1      | XOM: divination: detect creatures
   732 | D:2      | Reached XP level 3. HP: 37/37 MP: 2/2
   802 | D:2      | HP: 1/37 [gnoll/halberd (12)]
   802 | D:2      | XOM: butterfly on damage
   845 | D:1      | XOM: medium Pois miscast
   876 | D:2      | Mangled by a gnoll

Action                   || total
-------------------------++-------
Melee: Unarmed           ||    80
  Eat: Chunk             ||     2
       Pizza             ||     1
